 Dungeon Crawl Stone Soup version 0.21.0-3-g78d12a8 (webtiles) character file.

242 MTVSty1e the Bolt Thrower (level 6, -3/44 HPs)
             Began as a Human Hunter on Jan 10, 2018.
             Slain by a killer bee (5 damage)
             ... on level 4 of the Dungeon.
             The game lasted 00:07:46 (3764 turns).

MTVSty1e the Bolt Thrower (Human Hunter)            Turns: 3764, Time: 00:07:47

Health: -3/44      AC:  9    Str: 14    XL:     6   Next: 30%
Magic:  6/6        EV:  6    Int: 12    God:
Gold:   188        SH:  0    Dex: 13    Spells: 5/5 levels left

rFire    . . .     SeeInvis .   a - +2 hand crossbow
rCold    . . .     Gourm    .   (no shield)
rNeg     . . .     Faith    .   o - +1 chain mail
rPois    .         Spirit   .   (no helmet)
rElec    .         Reflect  .   (no cloak)
rCorr    .         Harm     .   (no gloves)
MR       .....                  (no boots)
Stlth    ..........             (no amulet)
HPRegen  0.14/turn              (no ring)
MPRegen  0.10/turn              (no ring)

@: lethally poisoned (-3 -> -36), very slow
A: no striking features
a: no special abilities


You were on level 4 of the Dungeon.
You were not hungry.

You visited 1 branch of the dungeon, and saw 4 of its levels.

You collected 188 gold pieces.

Inventory:

Hand Weapons
 a - a +2 hand crossbow (weapon)
 b - a +0 short sword
Missiles
 d - 3 bolts (quivered)
Armour
 o - a +1 chain mail (worn)
Jewellery
 j - an uncursed ring of poison resistance {unknown}
Wands
 k - a wand of acid (8)
Scrolls
 e - 2 scrolls of enchant weapon
 g - a scroll of remove curse
 l - a scroll of teleportation
 m - 9 scrolls of identify
Comestibles
 f - 5 rations


   Skills:
 - Level 2.0 Fighting
 * Level 7.1 Crossbows
 - Level 2.0 Dodging
 - Level 1.0 Stealth


You had 5 spell levels left.
You didn't know any spells.

Dungeon Overview and Level Annotations

Branches:
Dungeon (4/15)
 Temple: D:4-7

Altars:
Ashenzari
Gozag
Vehumet

Shops:
D:4 ?

Portals:
Sewer: D:4

Annotations:
D:4 Duvessa; komo4ek's ghost, amateur HuGl


Message History

Firing (i - inventory):
d - 4 bolts (quivered)
Press: ? - help, Shift-Dir - straight line, f/p - killer bee
Aim: a killer bee You shoot a bolt.
The bolt hits the killer bee!
The killer bee is severely wounded.
* * * LOW HITPOINT WARNING * * *
You feel sick. The killer bee stings you.
* * * LOW HITPOINT WARNING * * *
You are more poisoned.
The killer bee poisons you! The rat barely misses you.
The killer bee stings you.
* * * LOW HITPOINT WARNING * * *
You are more poisoned.
The killer bee poisons you!
You feel magically purged.
* * * LOW HITPOINT WARNING * * *
You feel very sick. The killer bee completely misses you.
The rat splashes around in the water.
The killer bee stings you.
You die...

................#,*,,,*,***,,,,,,
.....?..........#,*,,,*,,,,,,,,,,
..............%.#,#,,,*,,**,,,,,,
#...............#.#,,,*,,**,,,,,,
*#.##...#.......#.#,,,*,,********
*#..........###....,,,,,,**
##..........##.....,,,,,,,*
...........)...#######,,*,*
##(.........##.#@≈≈≈≈#.,*,*
####...#......yr(≈≈≈#[.*,*
#...#####..#≈≈∩≈≈#..*,* #...#
#(.#≈≈≈(≈#,,*,* #...#
#..#######,**,* #####
##..,,,,,,,**,* ####****,,**,*
*,***,* *,,,,,*


You could see a killer bee and a rat.

Vanquished Creatures
  A phantom (D:3)
  An orc priest (D:3)
  An orc wizard (D:3)
  2 adders
  An ooze (D:1)
  2 worms (D:3)
  2 dart slugs
  5 orcs
  2 ball pythons (D:4)
  7 giant cockroaches
  8 goblins
  6 hobgoblins
  3 jackals (D:3)
  5 bats
  7 frilled lizards
  11 kobolds
  A leopard gecko skeleton (D:4)
  4 rats
69 creatures vanquished.

Notes
Turn   | Place    | Note
-------+----------+-------------------------------------------
     0 | D:1      | MTVSty1e the Human Hunter began the quest for the Orb.
     0 | D:1      | Reached XP level 1. HP: 16/16 MP: 1/1
   154 | D:1      | Reached XP level 2. HP: 20/22 MP: 2/2
   771 | D:1      | Reached XP level 3. HP: 21/27 MP: 3/3
  1322 | D:2      | Reached skill level 5 in Crossbows
  1820 | D:2      | Reached XP level 4. HP: 28/33 MP: 4/4
  2153 | D:2      | Found a radiant altar of Vehumet.
  2158 | D:2      | Found an opulent altar of Gozag.
  3070 | D:3      | Found a shattered altar of Ashenzari.
  3084 | D:3      | Noticed a phantom
  3132 | D:3      | Killed a phantom
  3132 | D:3      | Reached skill level 6 in Crossbows
  3132 | D:3      | Reached XP level 5. HP: 29/38 MP: 5/5
  3216 | D:3      | Reached XP level 6. HP: 44/44 MP: 6/6
  3226 | D:3      | Reached skill level 7 in Crossbows
  3613 | D:4      | Noticed Duvessa
  3615 | D:4      | Noticed komo4ek's ghost (amateur HuGl)
  3665 | D:4      | Found Olorgha's Magic Scroll Boutique.
  3728 | D:4      | Found a glowing drain.
  3764 | D:4      | HP: 2/44 [poisoned by a killer bee]
  3764 | D:4      | Slain by a killer bee

Skill      XL: |  1  2  3  4  5  6 |
---------------+-------------------+-----
Crossbows      | 5 6 7 |  7.1
Fighting       | |  2.0
Dodging        | |  2.0
Stealth        | |  1.0

Action                   |  1- 3 |  4- 6 || total
-------------------------+-------+-------++-------
Melee: Short sword       |    87 |   172 ||   259
 Fire: Hand crossbow     |     4 |    42 ||    46
  Use: Scroll            |       |     8 ||     8
       Potion            |       |     4 ||     4
 Stab: Sleeping          |     3 |       ||     3
  Eat: Ration            |     1 |     2 ||     3
       Chunk             |       |     1 ||     1
Armor: Leather armour    |    17 |       ||    17
       Chain mail        |       |   182 ||   182
Dodge: Dodged            |    61 |    67 ||   128
